[Event "Cracovia Festival-A 2023"]
[Site "Krakow"]
[Date "2024.01.02"]
[Round "7.12"]
[White "Antolak, Julia"]
[Black "Kulkarni Bhakti"]
[Result "1/2-1/2"]
[ECO "C07"]
[WhiteElo "2287"]
[BlackElo "2364"]
[Annotator "RC"]
[PlyCount "36"]
[EventDate "2023.12.24"]
[EventType "swiss"]
[EventCountry "POL"]
[SourceTitle "playchess.com"]
[Source "ChessBase"]
[SourceQuality "1"]
[TimeControl "40/5400+30:1800+30"]

1. d4 e6 2. e4 d5 3. Nd2 c5 4. exd5 Qxd5 5. dxc5 Nf6 6. Ngf3 Qxc5 7. g3 e5 8. Nb3 Qc7 9. Bg2 Bd6 10. O-O O-O 11. Bg5 Ne4 12. Be3 Nc6 13. c4 Bg4 14. Qc2 f5 15. Nh4 Nb4 16. Qc1 Nd3 17. Qc2 Nb4 18. Qc1 Nd3 1/2-1/2

[Event "Cracovia Festival-A 2023"]
[Site "Krakow"]
[Date "2024.01.02"]
[Round "7.13"]
[White "Piekielny, Pawel"]
[Black "Golubka, Petro"]
[Result "0-1"]
[ECO "B75"]
[WhiteElo "2250"]
[BlackElo "2440"]
[Annotator "RC"]
[PlyCount "114"]
[EventDate "2023.12.24"]
[EventType "swiss"]
[EventCountry "POL"]
[SourceTitle "playchess.com"]
[Source "ChessBase"]
[SourceQuality "1"]
[TimeControl "40/5400+30:1800+30"]

1. e4 c5 2. Nf3 d6 3. d4 cxd4 4. Nxd4 Nf6 5. Nc3 g6 6. Be3 Bg7 7. f3 Nc6 8. Qd2 O-O 9. g4 Be6 10. Nxe6 fxe6 11. O-O-O Nd7 12. Bc4 Rxf3 13. Bxe6+ Kh8 14. h4 Nc5 15. Bd5 Qb6 16. Rde1 Raf8 17. g5 e6 18. h5 gxh5 19. Bxc6 Qxc6 20. Qh2 Qe8 21. Qxd6 b6 22. Qh2 Kg8 23. Qxh5 Qxh5 24. Rxh5 Bxc3 25. bxc3 Rf1 26. Rxf1 Rxf1+ 27. Kb2 Nxe4 28. Rh6 Nd6 29. Bd4 Re1 30. g6 hxg6 31. Rxg6+ Kf8 32. a4 Nc4+ 33. Kb3 Nd2+ 34. Kb2 e5 35. Bf2 Rf1 36. Bh4 Kf7 37. Rc6 Nf3 38. Bg3 e4 39. Bf4 Nh4 40. Bc1 Nf5 41. c4 e3 42. a5 e2 43. Bd2 Rd1 44. Bc3 Nd6 45. axb6 axb6 46. Bb4 Ke8 47. Rc7 Kd8 48. Rh7 Nxc4+ 49. Kb3 Nd2+ 50. Bxd2 Rxd2 51. Rh8+ Ke7 52. Rh7+ Kf6 53. Rh6+ Kf5 54. Rh5+ Kf4 55. Rh4+ Kf3 56. Rh3+ Kg2 57. Re3 Kf2 0-1

[Event "Cracovia Festival-A 2023"]
[Site "Krakow"]
[Date "2024.01.02"]
[Round "7.14"]
[White "Fodor, Balazs"]
[Black "Schwabeneder, Florian"]
[Result "0-1"]
[ECO "E10"]
[WhiteElo "2225"]
[BlackElo "2402"]
[Annotator "RC"]
[PlyCount "82"]
[EventDate "2023.12.24"]
[EventType "swiss"]
[EventCountry "POL"]
[SourceTitle "playchess.com"]
[Source "ChessBase"]
[SourceQuality "1"]
[TimeControl "40/5400+30:1800+30"]

1. d4 Nf6 2. c4 e6 3. Nf3 a6 4. g3 b5 5. cxb5 axb5 6. Bg2 Bb7 7. O-O Be7 8. b3 O-O 9. Bb2 b4 10. Nbd2 d5 11. Ne5 Nbd7 12. Nxd7 Qxd7 13. Nf3 Ra5 14. Ne5 Qb5 15. Qc2 Bd6 16. Bc1 c5 17. e3 Rc8 18. Qd1 Rca8 19. Qc2 Bxe5 20. dxe5 Nd7 21. f4 Ba6 22. Rd1 Qe2 23. Bd2 Bd3 24. Qc1 Bg6 25. a4 f6 26. Bf1 Qf3 27. Bg2 Qg4 28. h3 Qe2 29. g4 Qa6 30. f5 Bf7 31. exf6 Nxf6 32. g5 Ne4 33. Bxe4 dxe4 34. f6 Qe2 35. Be1 c4 36. Bh4 Qh5 37. Qd2 Qxh4 38. Qd8+ Rxd8 39. Rxd8+ Be8 40. Rxe8+ Kf7 41. Re7+ Kf8 0-1

[Event "Cracovia Festival-A 2023"]
[Site "Krakow"]
[Date "2024.01.02"]
[Round "7.15"]
[White "Dziewonski, Dariusz"]
[Black "Sieciechowicz, Marcin"]
[Result "1-0"]
[ECO "C17"]
[WhiteElo "2224"]
[BlackElo "2391"]
[Annotator "RC"]
[PlyCount "45"]
[EventDate "2023.12.24"]
[EventType "swiss"]
[EventCountry "POL"]
[SourceTitle "playchess.com"]
[Source "ChessBase"]
[SourceQuality "1"]
[TimeControl "40/5400+30:1800+30"]

1. e4 e6 2. d4 d5 3. Nc3 Bb4 4. e5 c5 5. Bd2 Ne7 6. Nb5 Bxd2+ 7. Qxd2 O-O 8. f4 Bd7 9. Nd6 cxd4 10. Nf3 f6 11. Bd3 Nbc6 12. O-O Qb6 13. Qf2 h6 14. Qg3 Nb4 15. Nh4 Nxd3 16. Qxd3 Qxb2 17. Rab1 Qc3 18. Rxb7 Rad8 19. Ng6 Nxg6 20. Qxg6 Qe3+ 21. Kh1 Qe2 22. Rfb1 Qf2 23. Ne8 1-0

[Event "Cracovia Festival-A 2023"]
[Site "Krakow"]
[Date "2024.01.02"]
[Round "7.16"]
[White "Gierulski, Kamil"]
[Black "Karolczuk, Iwo"]
[Result "1/2-1/2"]
[ECO "C02"]
[WhiteElo "2223"]
[BlackElo "2365"]
[Annotator "RC"]
[PlyCount "40"]
[EventDate "2023.12.24"]
[EventType "swiss"]
[EventCountry "POL"]
[SourceTitle "playchess.com"]
[Source "ChessBase"]
[SourceQuality "1"]
[TimeControl "40/5400+30:1800+30"]

1. e4 e6 2. d4 d5 3. e5 c5 4. c3 Nc6 5. Nf3 Bd7 6. Be2 cxd4 7. cxd4 Nge7 8. Na3 Nf5 9. Nc2 Be7 10. O-O O-O 11. Bd3 f6 12. exf6 Bxf6 13. b3 e5 14. dxe5 Nxe5 15. Nxe5 Bxe5 16. Rb1 Qf6 17. Ne3 Nxe3 18. Bxe3 Qd6 19. Qh5 g6 20. Qh4 Bf6 1/2-1/2

[Event "Cracovia Festival-A 2023"]
[Site "Krakow"]
[Date "2024.01.02"]
[Round "7.17"]
[White "Jaskolka, Tomasz"]
[Black "Dubnevych, Maksym"]
[Result "1-0"]
[ECO "A45"]
[WhiteElo "2222"]
[BlackElo "2340"]
[Annotator "RC"]
[PlyCount "93"]
[EventDate "2023.12.24"]
[EventType "swiss"]
[EventCountry "POL"]
[SourceTitle "playchess.com"]
[Source "ChessBase"]
[SourceQuality "1"]
[TimeControl "40/5400+30:1800+30"]

1. d4 Nf6 2. Nc3 d5 3. Bf4 c5 4. e4 Nxe4 5. Nxe4 dxe4 6. dxc5 Qa5+ 7. c3 Qxc5 8. Qa4+ Nc6 9. Qxe4 g6 10. Nf3 Bg7 11. Rd1 Bf5 12. Qa4 O-O 13. Be3 Qa5 14. Qxa5 Nxa5 15. Nd4 Bg4 16. f3 Bc8 17. Kf2 Bd7 18. Nb5 Bxb5 19. Bxb5 a6 20. Be2 b5 21. Rd7 e6 22. Rhd1 Rfc8 23. Bb6 Nc6 24. Rb7 Ne5 25. Bd4 Rab8 26. Rxb8 Rxb8 27. b4 Bf6 28. a4 Nd7 29. a5 Be7 30. f4 Nf6 31. Be5 Rd8 32. Rxd8+ Bxd8 33. Bf3 Nd5 34. Bxd5 exd5 35. Ke3 f6 36. Bb8 Kf7 37. Kd4 Ke6 38. Kc5 h5 39. Kc6 h4 40. Ba7 f5 41. Bd4 g5 42. Kb7 Kd7 43. Kxa6 Kc6 44. Be5 gxf4 45. h3 Be7 46. Ka7 Bd8 47. Kb8 1-0

[Event "Cracovia Festival-A 2023"]
[Site "Krakow"]
[Date "2024.01.02"]
[Round "7.18"]
[White "Balint, Peter"]
[Black "Cieslak, Patryk"]
[Result "1-0"]
[ECO "B50"]
[WhiteElo "2187"]
[BlackElo "2284"]
[Annotator "RC"]
[PlyCount "69"]
[EventDate "2023.12.24"]
[EventType "swiss"]
[EventCountry "POL"]
[SourceTitle "playchess.com"]
[Source "ChessBase"]
[SourceQuality "1"]
[TimeControl "40/5400+30:1800+30"]

1. e4 c5 2. Nf3 d6 3. Nc3 Nf6 4. d4 cxd4 5. Qxd4 Nc6 6. Qd3 g6 7. Nd5 Bg7 8. c3 O-O 9. Bg5 Bg4 10. Be2 Nd7 11. Rd1 Nc5 12. Qc2 Ne6 13. Be3 Nc7 14. O-O Nxd5 15. exd5 Nb8 16. Nd4 Bxe2 17. Qxe2 Nd7 18. Rfe1 Re8 19. Bg5 Bf6 20. Bxf6 Nxf6 21. c4 Kg7 22. b3 Qd7 23. Rd3 Qc7 24. Re3 Qb6 25. Qd2 Qc7 26. h3 a6 27. a4 Kg8 28. Qe2 Kf8 29. Rg3 Nh5 30. Qxh5 gxh5 31. Ne6+ fxe6 32. Ree3 Rec8 33. Ref3+ Ke8 34. dxe6 Qxc4 35. Rg8# 1-0

[Event "Cracovia Festival-A 2023"]
[Site "Krakow"]
[Date "2024.01.02"]
[Round "7.19"]
[White "Ashwath, R.."]
[Black "Pyrig, Roman"]
[Result "1-0"]
[ECO "D35"]
[WhiteElo "2284"]
[BlackElo "2154"]
[Annotator "RC"]
[PlyCount "81"]
[EventDate "2023.12.24"]
[EventType "swiss"]
[EventCountry "POL"]
[SourceTitle "playchess.com"]
[Source "ChessBase"]
[SourceQuality "1"]
[TimeControl "40/5400+30:1800+30"]

1. d4 d5 2. c4 e6 3. Nc3 Nf6 4. cxd5 exd5 5. Bg5 Be7 6. e3 h6 7. Bh4 Bg4 8. Qc2 Nbd7 9. Bd3 O-O 10. f4 c6 11. h3 Bh5 12. Bf2 Ne4 13. Bxe4 dxe4 14. g4 Bg6 15. f5 Bh7 16. Nxe4 Qa5+ 17. Nc3 c5 18. Nf3 cxd4 19. Nxd4 Rac8 20. Qa4 Qxa4 21. Nxa4 Bf6 22. Nc3 g6 23. e4 Nc5 24. Ke2 Rfe8 25. Kf3 Nd3 26. Nd5 Be5 27. Be3 Nxb2 28. Rab1 Nc4 29. Rxb7 Kh8 30. Rd1 g5 31. Rxa7 Bb8 32. Rb7 Bg8 33. Nb5 Ne5+ 34. Ke2 Kg7 35. Bd4 Kf8 36. Nbc7 Nc6 37. Nxe8 Rxe8 38. Nf6 Rc8 39. Nd7+ Ke8 40. Nxb8 Nxb8 41. Bf6 1-0

[Event "Cracovia Festival-A 2023"]
[Site "Krakow"]
[Date "2024.01.02"]
[Round "7.20"]
[White "Szczurek, Krzysztof"]
[Black "Nemsadze, Daviti"]
[Result "1-0"]
[ECO "A35"]
[WhiteElo "2175"]
[BlackElo "2253"]
[Annotator "ChessBase"]
[PlyCount "63"]
[EventDate "2023.12.24"]
[EventType "swiss"]
[EventCountry "POL"]
[SourceTitle "playchess.com"]
[Source "ChessBase"]
[SourceQuality "1"]
[TimeControl "40/5400+30:1800+30"]

1. Nf3 c5 2. c4 Nc6 3. Nc3 Nf6 4. e4 e5 5. d3 d6 6. Be2 a6 7. O-O Rb8 8. Nd5 Be7 9. Bd2 b5 10. b3 O-O 11. Bc3 Bg4 12. Nxe7+ Nxe7 13. Nh4 Bxe2 14. Qxe2 g5 15. Nf3 h6 16. h4 Nh7 17. Nh2 Ng6 18. Ng4 Kg7 19. Ne3 Nf4 20. Qf3 Nf6 21. g3 Ne6 22. Nf5+ Kg6 23. h5+ Kh7 24. Nxd6 Qxd6 25. Qxf6 Qxd3 26. Bxe5 Rb7 27. Qf5+ Kg8 28. Rad1 Qe2 29. Rd6 Qxh5 30. Qf6 Kh7 31. Rxe6 Rg8 32. Re8 1-0

[Event "Cracovia Festival-A 2023"]
[Site "Krakow"]
[Date "2024.01.02"]
[Round "7.21"]
[White "Grochol, Kamil"]
[Black "Klepek, Witold"]
[Result "1/2-1/2"]
[ECO "A45"]
[WhiteElo "2101"]
[BlackElo "2252"]
[Annotator "RC"]
[PlyCount "23"]
[EventDate "2023.12.24"]
[EventType "swiss"]
[EventCountry "POL"]
[SourceTitle "playchess.com"]
[Source "ChessBase"]
[SourceQuality "1"]
[TimeControl "40/5400+30:1800+30"]

1. d4 Nf6 2. Bf4 c5 3. c3 e6 4. e3 b6 5. Nd2 cxd4 6. exd4 Bb7 7. Ngf3 Be7 8. h3 O-O 9. Bd3 d6 10. O-O Re8 11. Bh2 Nbd7 12. Re1 1/2-1/2

[Event "Cracovia Festival-A 2023"]
[Site "Krakow"]
[Date "2024.01.02"]
[Round "7.22"]
[White "Eke, Salih"]
[Black "Turski, Bartlomiej"]
[Result "1-0"]
[ECO "D70"]
[WhiteElo "2217"]
[BlackElo "2380"]
[Annotator "RC"]
[PlyCount "91"]
[EventDate "2023.12.24"]
[EventType "swiss"]
[EventCountry "POL"]
[SourceTitle "playchess.com"]
[Source "ChessBase"]
[SourceQuality "1"]
[TimeControl "40/5400+30:1800+30"]

1. d4 Nf6 2. c4 g6 3. Nf3 Bg7 4. g3 c6 5. Bg2 O-O 6. O-O d5 7. b3 dxc4 8. bxc4 c5 9. e3 Ne4 10. Bb2 Qb6 11. Qb3 Rd8 12. Ne5 cxd4 13. Bxd4 Nc5 14. Qa3 Bxe5 15. Bxe5 Nc6 16. Bc3 Bf5 17. Nd2 a5 18. Nb3 Ne6 19. c5 Qa6 20. e4 Bg4 21. f3 Bh5 22. g4 Nf4 23. Nc1 Nxg2 24. Kxg2 Bxg4 25. fxg4 Qc4 26. Re1 a4 27. Rb1 Rd1 28. Rxd1 Qxe4+ 29. Kf2 Qf4+ 30. Ke1 Qe3+ 31. Ne2 Ne5 32. Qb2 Nf3+ 33. Kf1 Nxh2+ 34. Kg2 Nxg4 35. Ng3 Qf4 36. Bd4 h5 37. Qxb7 Rd8 38. Qf3 Rxd4 39. Qxf4 Rxf4 40. c6 Ne3+ 41. Kg1 Nxd1 42. Rc1 Rf3 43. c7 Rxg3+ 44. Kh2 Rd3 45. c8=Q+ Kh7 46. Qc2 1-0

[Event "Cracovia Festival-A 2023"]
[Site "Krakow"]
[Date "2024.01.02"]
[Round "7.23"]
[White "Akhvlediani, Irakli"]
[Black "Zdybel, Przemyslaw"]
[Result "1-0"]
[ECO "D85"]
[WhiteElo "2359"]
[BlackElo "2180"]
[Annotator "RC"]
[PlyCount "105"]
[EventDate "2023.12.24"]
[EventType "swiss"]
[EventCountry "POL"]
[SourceTitle "playchess.com"]
[Source "ChessBase"]
[SourceQuality "1"]
[TimeControl "40/5400+30:1800+30"]

1. c4 g6 2. d4 Nf6 3. Nc3 d5 4. Nf3 Bg7 5. cxd5 Nxd5 6. e4 Nxc3 7. bxc3 c5 8. h3 O-O 9. Be2 cxd4 10. cxd4 Nc6 11. Be3 Qa5+ 12. Bd2 Qa3 13. d5 Ne5 14. Rb1 b6 15. O-O Nxf3+ 16. Bxf3 Qxa2 17. Re1 Be5 18. Bb4 Re8 19. Re2 Qa6 20. Re3 Bd7 21. Be2 Qb7 22. Ra3 b5 23. Qd2 Qb8 24. h4 Qb6 25. h5 Qf6 26. g3 Bd4 27. Rf3 Qh8 28. Rd1 Be5 29. Ra3 Bd6 30. Bc3 f6 31. Ra6 gxh5 32. Bxh5 Rec8 33. Bb4 Bxb4 34. Qxb4 Qg7 35. d6 e6 36. Bf3 Rc4 37. Qb2 e5 38. Be2 Rc5 39. Qb4 Rcc8 40. Bxb5 Rcb8 41. Rxa7 Qg4 42. Qb3+ Be6 43. Rxa8 Rxa8 44. Bc4 Bxc4 45. Qxc4+ Kh8 46. Rb1 Rg8 47. Qf7 Qg6 48. Qe6 Re8 49. Qd5 Kg7 50. Rc1 Rd8 51. Qe6 Kh6 52. Rc7 Ra8 53. Qh3+ 1-0

[Event "Cracovia Festival-A 2023"]
[Site "Krakow"]
[Date "2024.01.02"]
[Round "7.24"]
[White "Kucza, Karol"]
[Black "Zarnowski, Krzysztof"]
[Result "1-0"]
[ECO "C11"]
[WhiteElo "2343"]
[BlackElo "2114"]
[Annotator "RC"]
[PlyCount "55"]
[EventDate "2023.12.24"]
[EventType "swiss"]
[EventCountry "POL"]
[SourceTitle "playchess.com"]
[Source "ChessBase"]
[SourceQuality "1"]
[TimeControl "40/5400+30:1800+30"]

1. e4 e6 2. d4 d5 3. Nc3 Nf6 4. e5 Nfd7 5. f4 c5 6. Nf3 Nc6 7. Be3 Be7 8. Be2 O-O 9. O-O a6 10. Qd2 b5 11. Nd1 Qb6 12. c3 b4 13. Bd3 a5 14. f5 cxd4 15. cxd4 exf5 16. Bxf5 Nd8 17. Bg5 f6 18. Ne3 Qb7 19. Bh4 g6 20. Bc2 Kg7 21. Ng4 Nxe5 22. Qh6+ Kg8 23. Nfxe5 fxe5 24. Bxg6 hxg6 25. Qxg6+ Kh8 26. Rxf8+ Bxf8 27. Rf1 Be7 28. Nf6 1-0

[Event "Cracovia Festival-A 2023"]
[Site "Krakow"]
[Date "2024.01.02"]
[Round "7.25"]
[White "Valiyev, Shahin"]
[Black "Ongut, Tamas Gunes"]
[Result "1/2-1/2"]
[ECO "C60"]
[WhiteElo "2158"]
[BlackElo "2313"]
[Annotator "RC"]
[PlyCount "36"]
[EventDate "2023.12.24"]
[EventType "swiss"]
[EventCountry "POL"]
[SourceTitle "playchess.com"]
[Source "ChessBase"]
[SourceQuality "1"]
[TimeControl "40/5400+30:1800+30"]

1. e4 e5 2. Nf3 Nc6 3. Bb5 Nge7 4. O-O Ng6 5. c3 d5 6. Qa4 dxe4 7. Qxe4 f5 8. Bxc6+ bxc6 9. Qxc6+ Bd7 10. Qc4 Qf6 11. Re1 Bd6 12. Na3 Rb8 13. Nxe5 Nxe5 14. d4 Qe6 15. dxe5 Bxa3 16. Qxe6+ Bxe6 17. bxa3 Rb5 18. Be3 Kd7 1/2-1/2

[Event "Cracovia Festival-A 2023"]
[Site "Krakow"]
[Date "2024.01.02"]
[Round "7.26"]
[White "Selbes, Tamer Tarik"]
[Black "Kowalczyk, Pawel"]
[Result "1/2-1/2"]
[ECO "B24"]
[WhiteElo "2185"]
[BlackElo "2295"]
[Annotator "RC"]
[PlyCount "237"]
[EventDate "2023.12.24"]
[EventType "swiss"]
[EventCountry "POL"]
[SourceTitle "playchess.com"]
[Source "ChessBase"]
[SourceQuality "1"]
[TimeControl "40/5400+30:1800+30"]

1. e4 c5 2. Nc3 Nc6 3. Bb5 g6 4. Bxc6 dxc6 5. d3 Bg7 6. f4 c4 7. Nf3 cxd3 8. cxd3 Nf6 9. O-O O-O 10. h3 c5 11. Be3 b6 12. g4 Ba6 13. Ne5 Ne8 14. Rf3 Nc7 15. Qa4 Qe8 16. b4 Qxa4 17. Nxa4 f6 18. Nc6 Bb5 19. Nxe7+ Kf7 20. Nc3 Kxe7 21. Nxb5 Nxb5 22. bxc5 f5 23. Rb1 Nc3 24. Rb3 Ne2+ 25. Kg2 Nd4 26. cxb6 Nxb3 27. b7 Rab8 28. axb3 Kd7 29. gxf5 gxf5 30. Rg3 Rf7 31. e5 Rxb7 32. d4 Ke6 33. Bf2 Bh6 34. d5+ Kxd5 35. Rd3+ Kc6 36. Rd6+ Kb5 37. Rxh6 Kb4 38. Kf3 Kxb3 39. Bh4 Rfc7 40. e6 Rc3+ 41. Kg2 Rc2+ 42. Kf1 Rc1+ 43. Kg2 Rg7+ 44. Kf2 Rc2+ 45. Kf1 Rc4 46. Bg5 Rc1+ 47. Kf2 Rc2+ 48. Kf1 Rgc7 49. e7 Rh2 50. e8=Q Rc1+ 51. Qe1 Rh1+ 52. Kf2 Rhxe1 53. Rxh7 a5 54. Rb7+ Ka4 55. Rf7 Rf1+ 56. Ke2 Rh1 57. Rxf5 Rc3 58. Rd5 Rh2+ 59. Kd1 Rg3 60. Rd2 Rxd2+ 61. Kxd2 Rxh3 62. Bd8 Kb4 63. Be7+ Kb3 64. f5 Rf3 65. f6 a4 66. Ke2 Rf5 67. Ke3 a3 68. Ke4 Rf1 69. Bxa3 Rxf6 70. Bc5 Kc4 71. Bd4 Re6+ 72. Be5 Kc5 73. Kf4 Kd5 74. Bg7 Re7 75. Bb2 Rb7 76. Bc3 Rf7+ 77. Ke3 Rh7 78. Bf6 Rh1 79. Bg7 Re1+ 80. Kf3 Ke6 81. Bd4 Kf5 82. Bf2 Re8 83. Be3 Rb8 84. Bd4 Rb3+ 85. Be3 Ra3 86. Kf2 Ke4 87. Bc5 Rf3+ 88. Kg2 Kf4 89. Bb6 Kg4 90. Bf2 Ra3 91. Bd4 Ra2+ 92. Kh1 Kf3 93. Bc5 Rc2 94. Bd4 Rd2 95. Bb6 Rd1+ 96. Bg1 Rb1 97. Kh2 Rb2+ 98. Kh1 Kg3 99. Bc5 Rd2 100. Bb6 Rd7 101. Bc5 Rd1+ 102. Bg1 Rd5 103. Bh2+ Kf2 104. Bg1+ Kf1 105. Bh2 Rg5 106. Bf4 Rg7 107. Be5 Rf7 108. Bd6 Rd7 109. Bh2 Kf2 110. Bg1+ Kf3 111. Bh2 Rh7 112. Kg1 Rg7+ 113. Kh1 Kf2 114. Be5 Rg1+ 115. Kh2 Rd1 116. Bg3+ Kf3 117. Bc7 Rd2+ 118. Kh1 Rh2+ 119. Kxh2 1/2-1/2

[Event "Cracovia Festival-A 2023"]
[Site "Krakow"]
[Date "2024.01.02"]
[Round "7.27"]
[White "Lukasiewicz, Krzysztof"]
[Black "van der Merwe, Alexander"]
[Result "1-0"]
[ECO "A45"]
[WhiteElo "2290"]
[BlackElo "2113"]
[Annotator "RC"]
[PlyCount "153"]
[EventDate "2023.12.24"]
[EventType "swiss"]
[EventCountry "POL"]
[SourceTitle "playchess.com"]
[Source "ChessBase"]
[SourceQuality "1"]
[TimeControl "40/5400+30:1800+30"]

1. d4 Nf6 2. Bf4 g6 3. Nc3 d5 4. e3 Bg7 5. h4 h5 6. Nf3 O-O 7. Be2 c5 8. Ne5 Nc6 9. O-O cxd4 10. exd4 Bf5 11. Re1 e6 12. g3 Nd7 13. Nxd7 Qxd7 14. Be3 e5 15. Bb5 exd4 16. Bxc6 bxc6 17. Bxd4 Bxc2 18. Qd2 Bf5 19. Bxg7 Kxg7 20. Qd4+ Kg8 21. b4 Be6 22. Na4 Bf5 23. Rac1 Rae8 24. Nc3 Rxe1+ 25. Rxe1 Re8 26. Rxe8+ Qxe8 27. b5 Be6 28. Qxa7 cxb5 29. Qc5 Qa8 30. Kh2 Qb7 31. a3 Qc8 32. Qxc8+ Bxc8 33. Nxb5 Kg7 34. Kg2 Kf6 35. Kf3 Ke5 36. Ke3 Bd7 37. Nd4 Kd6 38. Kd3 Ba4 39. Kc3 Kc5 40. Nb3+ Kd6 41. f4 f6 42. Kb4 Bd7 43. Nd4 Bc8 44. a4 Ba6 45. Ka5 Bd3 46. Kb6 Bf1 47. a5 Bd3 48. Nb5+ Kd7 49. Kc5 d4 50. Nxd4 Be4 51. a6 Kc7 52. Nb5+ Kd7 53. Nc3 Bf3 54. Nd5 Ke6 55. Ne3 Kd7 56. f5 gxf5 57. Nxf5 Kc7 58. Ng7 Be2 59. a7 Kb7 60. Kd6 Kxa7 61. Ke6 Kb6 62. Kxf6 Kc6 63. Kg6 Kd6 64. Nxh5 Ke5 65. Nf6 Bd3+ 66. Kg7 Kf5 67. g4+ Kf4 68. g5 Kg3 69. h5 Kh4 70. g6 Kg5 71. Nd5 Be4 72. Nf4 Kxf4 73. h6 Kg5 74. h7 Bxg6 75. h8=Q Bf5 76. Qh6+ Kg4 77. Kf6 1-0

[Event "Cracovia Festival-A 2023"]
[Site "Krakow"]
[Date "2024.01.02"]
[Round "7.28"]
[White "Vasynda, Oleksandr"]
[Black "Janeczko, Jakub"]
[Result "1-0"]
[ECO "A40"]
[WhiteElo "2153"]
[BlackElo "2283"]
[Annotator "RC"]
[PlyCount "53"]
[EventDate "2023.12.24"]
[EventType "swiss"]
[EventCountry "POL"]
[SourceTitle "playchess.com"]
[Source "ChessBase"]
[SourceQuality "1"]
[TimeControl "40/5400+30:1800+30"]

1. d4 g6 2. Nf3 Bg7 3. c4 c5 4. d5 b5 5. cxb5 d6 6. Nc3 Nf6 7. g3 O-O 8. Bg2 a6 9. bxa6 Nbd7 10. O-O Nb6 11. e4 Bxa6 12. Re1 Nfd7 13. Qc2 Qc7 14. b3 Rfb8 15. Bb2 Nc8 16. Nd1 Qa5 17. Bxg7 Kxg7 18. Nb2 Qb4 19. e5 dxe5 20. Nxe5 Nxe5 21. Rxe5 Ra7 22. Re4 Qa5 23. Nc4 Bxc4 24. Rxc4 Rc7 25. Rc1 Nd6 26. b4 Qa3 27. Rc3 1-0

[Event "Cracovia Festival-A 2023"]
[Site "Krakow"]
[Date "2024.01.02"]
[Round "7.29"]
[White "Keinanen, Anastasia"]
[Black "Gorkiewicz, Mateusz"]
[Result "1-0"]
[ECO "C77"]
[WhiteElo "2227"]
[BlackElo "2147"]
[Annotator "RC"]
[PlyCount "65"]
[EventDate "2023.12.24"]
[EventType "swiss"]
[EventCountry "POL"]
[SourceTitle "playchess.com"]
[Source "ChessBase"]
[SourceQuality "1"]
[TimeControl "40/5400+30:1800+30"]

1. e4 e5 2. Nf3 Nc6 3. Bb5 a6 4. Ba4 Nf6 5. d3 b5 6. Bb3 Bc5 7. c3 d6 8. h3 h6 9. a4 Rb8 10. axb5 axb5 11. Be3 Bxe3 12. fxe3 O-O 13. O-O d5 14. exd5 Nxd5 15. Qe2 Be6 16. Nbd2 Qd7 17. d4 exd4 18. exd4 Rfe8 19. Qf2 Ne3 20. Rfe1 Bxb3 21. Nxb3 Nc4 22. Nc5 Qd6 23. Nh4 Nb6 24. Rf1 Rf8 25. Nf5 Qg6 26. d5 Nxd5 27. Nd7 Qg5 28. Nxb8 Nxb8 29. Rad1 c6 30. Rd3 g6 31. Rg3 Qh5 32. Qd4 f6 33. Qa7 1-0

[Event "Cracovia Festival-A 2023"]
[Site "Krakow"]
[Date "2024.01.02"]
[Round "7.30"]
[White "Janzelj, Tim"]
[Black "Hnatyshyn, Anastasiia"]
[Result "0-1"]
[ECO "B12"]
[WhiteElo "2441"]
[BlackElo "2152"]
[Annotator "RC"]
[PlyCount "74"]
[EventDate "2023.12.24"]
[EventType "swiss"]
[EventCountry "POL"]
[SourceTitle "playchess.com"]
[Source "ChessBase"]
[SourceQuality "1"]
[TimeControl "40/5400+30:1800+30"]

1. e4 c6 2. d4 d5 3. e5 c5 4. Nf3 Nc6 5. c4 e6 6. Nc3 dxc4 7. Bxc4 cxd4 8. Ne2 Nxe5 9. Nxe5 Qa5+ 10. Bd2 Qxe5 11. O-O Nf6 12. Bf4 Qe4 13. Re1 Bd7 14. Qd2 Bc6 15. f3 Qg6 16. Ng3 Nd5 17. Bd3 Bb4 18. Qc2 Qf6 19. Nh5 Qe7 20. Nxg7+ Kd7 21. Re4 Nxf4 22. Rxf4 Bd6 23. Rxd4 Qg5 24. Qc3 Kc7 25. Rc1 Rad8 26. Rc4 Kb8 27. Rxc6 bxc6 28. Be4 Bc5+ 29. Kh1 Qe3 30. Qc2 Rd2 31. Qa4 Re2 32. Qb3+ Qxb3 33. axb3 Rg8 34. g3 Be3 35. Rd1 Rxg7 36. Rd7 Rg5 37. Bd3 Rd2 0-1

[Event "Cracovia Festival-A 2023"]
[Site "Krakow"]
[Date "2024.01.02"]
[Round "7.31"]
[White "Sofronie, Iulian"]
[Black "Hryharovich, Aliaksei"]
[Result "1/2-1/2"]
[ECO "D00"]
[WhiteElo "2438"]
[BlackElo "2195"]
[Annotator "RC"]
[PlyCount "113"]
[EventDate "2023.12.24"]
[EventType "swiss"]
[EventCountry "POL"]
[SourceTitle "playchess.com"]
[Source "ChessBase"]
[SourceQuality "1"]
[TimeControl "40/5400+30:1800+30"]

1. d4 d5 2. Bf4 Nf6 3. e3 c5 4. c3 Nc6 5. Nd2 Bf5 6. Ngf3 Qb6 7. Nh4 Bd7 8. Qb3 c4 9. Qc2 Nh5 10. Bg3 Nxg3 11. hxg3 g5 12. Nhf3 g4 13. Nh4 e5 14. e4 exd4 15. exd5 d3 16. Nxc4 dxc2 17. Nxb6 axb6 18. dxc6 Bxc6 19. Kd2 Be4 20. Bb5+ Ke7 21. f3 Bh6+ 22. f4 Rad8+ 23. Kc1 Kf6 24. Ba4 Bf8 25. Bxc2 Bxc2 26. Kxc2 Bc5 27. Rae1 Rhe8 28. Re5 Rxe5 29. fxe5+ Kxe5 30. Re1+ Kf6 31. Rf1+ Ke6 32. Nf5 Rd5 33. Ng7+ Ke7 34. b4 Bd6 35. Nf5+ Ke6 36. Nxd6 Rxd6 37. Rh1 Ke5 38. Rxh7 Rf6 39. Kb3 Rf2 40. a4 f5 41. Rxb7 Rxg2 42. Rxb6 Rxg3 43. a5 Rg1 44. a6 Ra1 45. Rg6 g3 46. Rxg3 Rxa6 47. Rg1 f4 48. b5 Rf6 49. Kb4 Kd6 50. Rg7 f3 51. b6 f2 52. b7 Rf8 53. Rf7 Rb8 54. Rf6+ Ke5 55. Rxf2 Rxb7+ 56. Kc4 Rc7+ 57. Kd3 1/2-1/2

[Event "Cracovia Festival-A 2023"]
[Site "Krakow"]
[Date "2024.01.02"]
[Round "7.32"]
[White "Leskiewicz, Ignacy"]
[Black "Anwesh, Upadhyaya"]
[Result "0-1"]
[ECO "B10"]
[WhiteElo "2177"]
[BlackElo "2350"]
[Annotator "RC"]
[PlyCount "68"]
[EventDate "2023.12.24"]
[EventType "swiss"]
[EventCountry "POL"]
[SourceTitle "playchess.com"]
[Source "ChessBase"]
[SourceQuality "1"]
[TimeControl "40/5400+30:1800+30"]

1. e4 c6 2. Nf3 d5 3. d3 g6 4. Nbd2 Bg7 5. g3 Nh6 6. Bg2 O-O 7. c3 e5 8. O-O f6 9. b4 Be6 10. Nb3 Nd7 11. a4 Nf7 12. Ba3 Re8 13. Nfd2 Qc7 14. Qe2 Rad8 15. c4 dxc4 16. Nxc4 Nb6 17. Nc5 Bc8 18. Nd2 Nd7 19. Rfc1 Nxc5 20. bxc5 Bh6 21. h4 Be6 22. Bb4 Rd7 23. a5 Red8 24. Ra3 Rd4 25. Rb1 Bf8 26. a6 Rb8 27. Bc3 Rd7 28. Ba5 Qc8 29. Rc3 bxa6 30. Qf1 Rb5 31. Rxb5 axb5 32. Nb1 Rd4 33. Rc1 Qd7 34. Na3 Ra4 0-1